[Event "44th Chess Olympiad Women 2022"]
[Site "Chennai"]
[Date "2022.08.09"]
[Round "11.14"]
[White "Worek, Joanna"]
[Black "Agrest, Inna"]
[Result "1-0"]
[ECO "C78"]
[WhiteElo "2280"]
[BlackElo "2217"]
[Annotator "RC"]
[PlyCount "105"]
[EventDate "2022.07.29"]
[EventType "team-tourn"]
[EventCountry "IND"]
[SourceTitle "playchess.com"]
[Source "ChessBase"]
[SourceQuality "1"]
[WhiteTeam "Czech Republic"]
[BlackTeam "Sweden"]
[WhiteTeamCountry "CZE"]
[BlackTeamCountry "SWE"]
[TimeControl "40/5400+30:1800+30"]

1. e4 e5 2. Nf3 Nc6 3. Bb5 a6 4. Ba4 Nf6 5. O-O b5 6. Bb3 Bc5 7. c3 d6 8. d4 Bb6 9. Be3 Rb8 10. Nbd2 O-O 11. dxe5 dxe5 12. Qe2 Qe7 13. Rfd1 Bxe3 14. Qxe3 Nh5 15. a4 Nf4 16. axb5 axb5 17. Nf1 Rb6 18. Ng3 Bg4 19. h3 Bxf3 20. Qxf3 g6 21. Ne2 Ne6 22. Rd5 b4 23. Bc4 bxc3 24. bxc3 Rfb8 25. Kh2 Kg7 26. Rad1 Qf6 27. Qe3 Rb1 28. Rxb1 Rxb1 29. Rd7 Ncd8 30. Ng1 h6 31. Nf3 Rb2 32. g3 c6 33. Kg2 Nb7 34. Nh2 h5 35. Nf3 Nbd8 36. h4 Nf8 37. Rd1 Nfe6 38. Qc1 Rb7 39. Qd2 Ra7 40. Qd6 Ra5 41. Qb4 Ra7 42. Ng5 Rb7 43. Qa3 Qe7 44. Qa5 Nxg5 45. hxg5 Rb8 46. Rd3 c5 47. Rd5 Qxg5 48. Qc7 Ra8 49. Rxe5 Qf6 50. Re8 Qxc3 51. Bd5 Ra3 52. Qf4 Qa5 53. Qe5+ 1-0

[Event "44th Chess Olympiad Women 2022"]
[Site "Chennai"]
[Date "2022.08.09"]
[Round "11.14"]
[White "Koubova, Anna Marie"]
[Black "Johansson, Viktoria"]
[Result "1-0"]
[ECO "A11"]
[WhiteElo "2115"]
[BlackElo "2041"]
[Annotator "NA RC"]
[PlyCount "85"]
[EventDate "2022.07.29"]
[EventType "team-tourn"]
[EventCountry "IND"]
[SourceTitle "playchess.com"]
[Source "ChessBase"]
[SourceQuality "1"]
[WhiteTeam "Czech Republic"]
[BlackTeam "Sweden"]
[WhiteTeamCountry "CZE"]
[BlackTeamCountry "SWE"]
[TimeControl "40/5400+30:1800+30"]

1. Nf3 d5 2. c4 c6 3. e3 Nf6 4. Nc3 e6 5. b3 Nbd7 6. Bb2 Bd6 7. Qc2 O-O 8. Rg1 e5 9. cxd5 cxd5 10. Nb5 Qe7 11. Nxd6 Qxd6 12. Be2 Re8 13. O-O-O Nf8 14. Kb1 Bd7 15. d3 a5 16. Qc3 Ng6 17. Rc1 Rec8 18. Qd2 a4 19. Rxc8+ Rxc8 20. Qa5 axb3 21. axb3 h6 22. Rc1 Rxc1+ 23. Kxc1 e4 24. Ne1 Kh7 25. h3 Ne5 26. f3 exf3 27. Nxf3 Nc6 28. Qa3 Qg3 29. Qf8 Be6 30. Bxf6 gxf6 31. d4 Qxg2 32. Bd3+ f5 33. Bxf5+ Bxf5 34. Qxf7+ Kh8 35. Qf8+ Kh7 36. Qxf5+ Kh8 37. Qf8+ Kh7 38. Qf7+ Kh8 39. Nh4 Qg1+ 40. Kd2 Ne7 41. Qe8+ Ng8 42. Ng6+ Kg7 43. Qf8+ 1-0

[Event "44th Chess Olympiad Women 2022"]
[Site "Chennai"]
[Date "2022.08.09"]
[Round "11.14"]
[White "Cramling Bellon, Anna"]
[Black "Pilsova, Karolina"]
[Result "0-1"]
[ECO "E12"]
[WhiteElo "2065"]
[BlackElo "2230"]
[Annotator "RC"]
[PlyCount "168"]
[EventDate "2022.07.29"]
[EventType "team-tourn"]
[EventCountry "IND"]
[SourceTitle "playchess.com"]
[Source "ChessBase"]
[SourceQuality "1"]
[WhiteTeam "Sweden"]
[BlackTeam "Czech Republic"]
[WhiteTeamCountry "SWE"]
[BlackTeamCountry "CZE"]
[TimeControl "40/5400+30:1800+30"]

1. d4 Nf6 2. c4 e6 3. Nf3 b6 4. Nc3 Bb7 5. Bg5 h6 6. Bh4 Be7 7. e3 d6 8. Bd3 Nbd7 9. O-O O-O 10. Qe2 e5 11. Bc2 Re8 12. dxe5 Bxf3 13. Qxf3 Nxe5 14. Qe2 Nfd7 15. Bxe7 Rxe7 16. f4 Ng6 17. f5 Nge5 18. f6 Nxf6 19. Rxf6 gxf6 20. Nd5 Re6 21. Bf5 c6 22. Nf4 Re8 23. Qh5 Kg7 24. Qh4 Rg8 25. Rf1 Qe7 26. Nh5+ Kf8 27. Nxf6 h5 28. h3 Rg7 29. Qxh5 Qxf6 30. Qh8+ Ke7 31. Qxa8 Rg5 32. e4 Qh6 33. Qxa7+ Kf8 34. Qxb6 Rg3 35. Qf2 Qg5 36. Bg4 Rd3 37. Qf4 Qh4 38. Qf6 Qxf6 39. Rxf6 Ke7 40. Rf2 Rd4 41. Bf5 Nxc4 42. g4 Nd2 43. Re2 Kf6 44. Kf2 Ke5 45. h4 Kf4 46. h5 Nf3 47. e5 Nxe5 48. h6 Rb4 49. h7 Rb8 50. Re4+ Kg5 51. Rb4 Rh8 52. a4 Ng6 53. Bxg6 Kxg6 54. Rb6 Rxh7 55. a5 f5 56. gxf5+ Kxf5 57. a6 Ke5 58. Rb7 Rh1 59. Rb3 Rh7 60. Ra3 Ra7 61. Ke3 Kd5 62. Ra5+ Kc4 63. Ke4 Kb4 64. Ra3 Kb5 65. Rd3 d5+ 66. Kd4 Kxa6 67. Kc5 Kb7 68. Kd6 Ra6 69. Rg3 Rb6 70. b3 Rb5 71. Rc3 d4 72. Rd3 Rd5+ 73. Ke6 Kb6 74. Kf6 Kb5 75. Ke6 Kb4 76. Kf6 Ka3 77. Ke6 Kb2 78. b4 Kc2 79. Rh3 d3 80. b5 Rxb5 81. Kd6 d2 82. Rh2 Kc1 83. Kxc6 Rg5 84. Rh1+ d1=Q 0-1

[Event "44th Chess Olympiad Women 2022"]
[Site "Chennai"]
[Date "2022.08.09"]
[Round "11.15"]
[White "Tsolakidou, Stavroula"]
[Black "Narva, Mai"]
[Result "1/2-1/2"]
[ECO "A63"]
[WhiteElo "2362"]
[BlackElo "2385"]
[Annotator "RC"]
[PlyCount "52"]
[EventDate "2022.07.29"]
[EventType "team-tourn"]
[EventCountry "IND"]
[SourceTitle "playchess.com"]
[Source "ChessBase"]
[SourceQuality "1"]
[WhiteTeam "Greece"]
[BlackTeam "Estonia"]
[WhiteTeamCountry "GRE"]
[BlackTeamCountry "EST"]
[TimeControl "40/5400+30:1800+30"]

1. d4 Nf6 2. c4 e6 3. g3 c5 4. d5 exd5 5. cxd5 d6 6. Nc3 g6 7. Bg2 Bg7 8. Nf3 O-O 9. O-O Re8 10. Re1 a6 11. a4 Nbd7 12. Bf4 Ng4 13. h3 Nge5 14. Ne4 Qe7 15. Rc1 h6 16. b4 cxb4 17. Rc7 f5 18. Nxe5 dxe5 19. d6 Qf8 20. Qb3+ Kh8 21. Bg5 hxg5 22. Nxg5 e4 23. Nf7+ Kh7 24. Ng5+ Kh8 25. Nf7+ Kh7 26. Ng5+ Kh8 1/2-1/2

[Event "44th Chess Olympiad Women 2022"]
[Site "Chennai"]
[Date "2022.08.09"]
[Round "11.15"]
[White "Olde, Margareth"]
[Black "Avramidou, Anastasia"]
[Result "1/2-1/2"]
[ECO "E73"]
[WhiteElo "2235"]
[BlackElo "2274"]
[Annotator "RC"]
[PlyCount "142"]
[EventDate "2022.07.29"]
[EventType "team-tourn"]
[EventCountry "IND"]
[SourceTitle "playchess.com"]
[Source "ChessBase"]
[SourceQuality "1"]
[WhiteTeam "Estonia"]
[BlackTeam "Greece"]
[WhiteTeamCountry "EST"]
[BlackTeamCountry "GRE"]
[TimeControl "40/5400+30:1800+30"]

1. d4 Nf6 2. c4 g6 3. Nc3 Bg7 4. e4 d6 5. Be2 O-O 6. Be3 Nc6 7. d5 Ne5 8. h3 e6 9. Nf3 Nxf3+ 10. Bxf3 exd5 11. cxd5 Nd7 12. O-O Ne5 13. Be2 f5 14. f4 Nd7 15. Bd4 Bxd4+ 16. Qxd4 Qf6 17. Qxf6 Nxf6 18. e5 Nd7 19. e6 Nf6 20. Bb5 c6 21. dxc6 Bxe6 22. cxb7 Rab8 23. Bc6 Bc4 24. Rfd1 Ba6 25. Rxd6 Bxb7 26. Bxb7 Rxb7 27. Rd2 Rfb8 28. b3 Rc8 29. Rd3 Re7 30. Rad1 Kf7 31. Nd5 Nxd5 32. Rxd5 Rc2 33. R1d2 Rcc7 34. Kf2 Rb7 35. h4 Kg7 36. h5 Kh6 37. hxg6 hxg6 38. Rd6 Rbc7 39. a4 Re4 40. R6d4 Rxd4 41. Rxd4 Rc2+ 42. Kg1 a5 43. Rd3 Kh5 44. Kh2 Kg4 45. Rg3+ Kxf4 46. Rxg6 Rb2 47. Ra6 Rxb3 48. Rxa5 Ra3 49. Ra8 Kg5 50. a5 Kg6 51. Ra7 Kf6 52. a6 Kg6 53. Kg1 Kh6 54. Kf2 Kg6 55. Ke2 Kh6 56. Ra8 Kg7 57. Kd2 Ra2+ 58. Kc3 Rxg2 59. Kb3 Rg1 60. Kb2 Rg4 61. Rb8 Ra4 62. Rb6 f4 63. Kc2 f3 64. Kd2 Ra2+ 65. Ke1 f2+ 66. Kf1 Kf7 67. Rh6 Kg7 68. Re6 Kf7 69. Re2 Rxa6 70. Rxf2+ Rf6 71. Rxf6+ Kxf6 1/2-1/2

[Event "44th Chess Olympiad Women 2022"]
[Site "Chennai"]
[Date "2022.08.09"]
[Round "11.15"]
[White "Pavlidou, Ekaterini"]
[Black "Sinitsina, Anastassia"]
[Result "0-1"]
[ECO "E70"]
[WhiteElo "2138"]
[BlackElo "2175"]
[Annotator "RC"]
[PlyCount "124"]
[EventDate "2022.07.29"]
[EventType "team-tourn"]
[EventCountry "IND"]
[SourceTitle "playchess.com"]
[Source "ChessBase"]
[SourceQuality "1"]
[WhiteTeam "Greece"]
[BlackTeam "Estonia"]
[WhiteTeamCountry "GRE"]
[BlackTeamCountry "EST"]
[TimeControl "40/5400+30:1800+30"]

1. d4 Nf6 2. c4 g6 3. Nc3 Bg7 4. e4 d6 5. Bd3 O-O 6. Nge2 Nc6 7. O-O Nd7 8. Bc2 e5 9. d5 Nd4 10. Nxd4 exd4 11. Ne2 Ne5 12. Nxd4 Nxc4 13. Rb1 Bd7 14. b3 Nb6 15. Be3 Re8 16. Qd2 c6 17. dxc6 bxc6 18. Rbd1 d5 19. Ne2 Qc7 20. Kh1 Bc8 21. Bf4 Qe7 22. Ng3 Qa3 23. e5 Nd7 24. Rfe1 a5 25. Bh6 Qb4 26. Qc1 Rxe5 27. Bxg7 Kxg7 28. Rxe5 Nxe5 29. Qg5 Ng4 30. Nh5+ Kg8 31. h3 h6 32. Nf6+ Kf8 33. Qh4 g5 34. Nh7+ Kg7 35. Qg3 Qb8 36. hxg4 Qxg3 37. fxg3 Bxg4 38. Rf1 f5 39. Bxf5 Bxf5 40. Rxf5 Kxh7 41. Rf7+ Kg6 42. Rc7 Ra6 43. g4 h5 44. Kh2 hxg4 45. Kg3 Kf5 46. Rf7+ Ke4 47. Kxg4 d4 48. Re7+ Kd3 49. Re5 a4 50. Rxg5 axb3 51. axb3 Kc3 52. Rc5+ Kxb3 53. Kf4 Kb4 54. Rc1 c5 55. g4 c4 56. g5 d3 57. Ke3 Re6+ 58. Kd4 Rd6+ 59. Ke5 Rd8 60. g6 d2 61. Rb1+ Kc3 62. g7 Kc2 0-1

[Event "44th Chess Olympiad Women 2022"]
[Site "Chennai"]
[Date "2022.08.09"]
[Round "11.15"]
[White "Blokhin, Sofia"]
[Black "Markantonaki, Haritomeni"]
[Result "0-1"]
[ECO "C54"]
[WhiteElo "1996"]
[BlackElo "2154"]
[Annotator "RC"]
[PlyCount "100"]
[EventDate "2022.07.29"]
[EventType "team-tourn"]
[EventCountry "IND"]
[SourceTitle "playchess.com"]
[Source "ChessBase"]
[SourceQuality "1"]
[WhiteTeam "Estonia"]
[BlackTeam "Greece"]
[WhiteTeamCountry "EST"]
[BlackTeamCountry "GRE"]
[TimeControl "40/5400+30:1800+30"]

1. e4 e5 2. Bc4 Nf6 3. d3 Bc5 4. Nf3 Nc6 5. O-O O-O 6. c3 d6 7. b4 Bb6 8. a4 a5 9. b5 Ne7 10. h3 Ng6 11. Bb3 c6 12. c4 Nh5 13. Nc3 Nhf4 14. Kh2 h6 15. Ne2 Qf6 16. Nxf4 Nxf4 17. Be3 Bc7 18. Ng1 Be6 19. g3 Ng6 20. Rc1 Qe7 21. Qh5 Nh8 22. f4 f5 23. exf5 Rxf5 24. Qe2 exf4 25. Bxf4 Qf6 26. Rce1 Bf7 27. Qd1 Ng6 28. Be3 Re8 29. Rxf5 Qxf5 30. Rf1 Qe5 31. Bf2 Qb2 32. Qc2 Qxc2 33. Bxc2 Ne5 34. Bd4 c5 35. Bxe5 Rxe5 36. Rf2 d5 37. Nf3 Re3 38. cxd5 Bxd5 39. Bd1 Rxd3 40. Rd2 Rxd2+ 41. Nxd2 Kf7 42. Nf1 Ke6 43. Ne3 Ke5 44. Bc2 Kd4 45. Nf5+ Kc3 46. Ne3 Bb3 47. Bg6 Kd2 48. Nf5 Bc2 49. Kg2 Bxf5 50. Bxf5 c4 0-1

[Event "44th Chess Olympiad Women 2022"]
[Site "Chennai"]
[Date "2022.08.09"]
[Round "11.16"]
[White "Rogule, Laura"]
[Black "Martynkova, Olena"]
[Result "1/2-1/2"]
[ECO "E65"]
[WhiteElo "2292"]
[BlackElo "2213"]
[Annotator "RC"]
[PlyCount "81"]
[EventDate "2022.07.29"]
[EventType "team-tourn"]
[EventCountry "IND"]
[SourceTitle "playchess.com"]
[Source "ChessBase"]
[SourceQuality "1"]
[WhiteTeam "Latvia"]
[BlackTeam "Lithuania"]
[WhiteTeamCountry "LAT"]
[BlackTeamCountry "LTU"]
[TimeControl "40/5400+30:1800+30"]

1. d4 Nf6 2. Nf3 g6 3. c4 Bg7 4. g3 O-O 5. Bg2 d6 6. Nc3 c5 7. O-O Nc6 8. h3 cxd4 9. Nxd4 Nxd4 10. Qxd4 Be6 11. Qh4 Rc8 12. b3 Nd7 13. Bd2 Bf6 14. Qf4 Be5 15. Qe3 Nc5 16. Rac1 a5 17. Nd5 Bxd5 18. Bxd5 e6 19. Bg2 b6 20. Rfd1 Qf6 21. Be1 Rfd8 22. f4 Bb2 23. Rc2 Qg7 24. Kh2 Bf6 25. Rcd2 Bc3 26. Rc2 Bxe1 27. Rxe1 d5 28. cxd5 exd5 29. Rd1 d4 30. Qf2 Rd6 31. a3 Rcd8 32. b4 axb4 33. axb4 d3 34. exd3 Nxd3 35. Qe3 Qf8 36. b5 Nc5 37. Rcd2 Rxd2 38. Rxd2 Rxd2 39. Qxd2 Qe7 40. Bc6 Qf6 41. Bd5 1/2-1/2

[Event "44th Chess Olympiad Women 2022"]
[Site "Chennai"]
[Date "2022.08.09"]
[Round "11.16"]
[White "Baginskaite, Kamile"]
[Black "Berzina, Ilze"]
[Result "0-1"]
[ECO "D31"]
[WhiteElo "2134"]
[BlackElo "2141"]
[Annotator "RC"]
[PlyCount "198"]
[EventDate "2022.07.29"]
[EventType "team-tourn"]
[EventCountry "IND"]
[SourceTitle "playchess.com"]
[Source "ChessBase"]
[SourceQuality "1"]
[WhiteTeam "Lithuania"]
[BlackTeam "Latvia"]
[WhiteTeamCountry "LTU"]
[BlackTeamCountry "LAT"]
[TimeControl "40/5400+30:1800+30"]

1. d4 d5 2. c4 e6 3. Nc3 c6 4. e3 Nd7 5. Qc2 Bd6 6. Nf3 Nh6 7. e4 dxe4 8. Bxh6 gxh6 9. Qxe4 Nf6 10. Qh4 h5 11. O-O-O Ng4 12. Ne4 Bf4+ 13. Kb1 Qxh4 14. Nxh4 Ke7 15. g3 Bc7 16. Be2 f5 17. h3 Nxf2 18. Nxf2 Bxg3 19. Nxf5+ exf5 20. Rhf1 h4 21. Nd3 f4 22. Nxf4 Rf8 23. Nh5 Bxh3 24. Rg1 Bf2 25. Rg7+ Rf7 26. Rxf7+ Kxf7 27. Bf3 Bf5+ 28. Ka1 Re8 29. d5 Re1 30. Rxe1 Bxe1 31. dxc6 bxc6 32. Bxc6 Bd2 33. Bf3 Be3 34. a3 h3 35. b4 h2 36. Ng3 Bd3 37. c5 Bf4 38. Nh1 Ke6 39. Kb2 Bd2 40. Nf2 Bc4 41. Kc2 Be1 42. Ng4 Bg3 43. Ne3 Be2 44. Bh1 Bb5 45. Kb3 Bf2 46. a4 Be2 47. Nd5 Bd1+ 48. Kc4 Bxa4 49. b5 Bd1 50. b6 axb6 51. cxb6 Be2+ 52. Kb4 Bg3 53. Kc5 h5 54. b7 Kd7 55. Kd4 h4 56. Ke3 Ba6 57. Nb4 Bb5 58. Nd5 Bb8 59. Kf2 h3 60. Nf6+ Kd6 61. Ng4 Bc6 62. Kg3 Bxh1 63. Kxh3 Bxb7 64. Nxh2 Ke5 65. Nf1 Kf4 66. Ng3 Bc8+ 67. Kg2 Kg4 68. Nf1 Bb7+ 69. Kf2 Ba7+ 70. Ke2 Ba6+ 71. Ke1 Kf3 72. Nd2+ Ke3 73. Nf1+ Kd3 74. Nd2 Bd4 75. Nf3 Be3 76. Nh4 Bb7 77. Kf1 Bg5 78. Ng2 Ke4 79. Kf2 Bd8 80. Kg3 Bc7+ 81. Kf2 Bh2 82. Ne3 Bd6 83. Ng2 Bc6 84. Ke2 Bc5 85. Ne1 Bb5+ 86. Kd2 Bb4+ 87. Kd1 Bc3 88. Nc2 Ba4 89. Kc1 Kd3 90. Na3 Be5 91. Kb1 Kc3 92. Ka2 Bb3+ 93. Kb1 Bf6 94. Kc1 Bg5+ 95. Kb1 Bd5 96. Nb5+ Kc4 97. Nd6+ Kb3 98. Ka1 Bf6+ 99. Kb1 Bb2 0-1

[Event "44th Chess Olympiad Women 2022"]
[Site "Chennai"]
[Date "2022.08.09"]
[Round "11.16"]
[White "Simkunaite, Gabija"]
[Black "Maklakova, Nellija"]
[Result "1-0"]
[ECO "D20"]
[WhiteElo "2010"]
[BlackElo "1819"]
[Annotator "TA"]
[PlyCount "57"]
[EventDate "2022.07.29"]
[EventType "team-tourn"]
[EventCountry "IND"]
[SourceTitle "playchess.com"]
[Source "ChessBase"]
[SourceQuality "1"]
[WhiteTeam "Lithuania"]
[BlackTeam "Latvia"]
[WhiteTeamCountry "LTU"]
[BlackTeamCountry "LAT"]
[TimeControl "40/5400+30:1800+30"]

1. e4 e6 2. d4 d5 3. exd5 exd5 4. Nf3 Bd6 5. c4 dxc4 6. Bxc4 Qe7+ 7. Be3 Nf6 8. O-O O-O 9. Nc3 (9. Re1 $16) 9... c6 {[%emt 0:09:59] D20: Queen's Gambit Accepted: 3 e3 and 3 e4.} (9... Be6 $11 10. b3 c6) 10. Re1 {[%emt 0:02:10] aiming for Bg5.} Qc7 11. Bg5 {[%emt 0:07:19] Black must now prevent Bxf6.} Nbd7 {[%emt 0:06:29] White leaves nothing to chance now. White is slightly better.} 12. Rc1 {[%emt 0:15:05] [#] White is more active.} ({White should play} 12. Qc2 $16) 12... a6 $146 (12... h6 $14 13. Bd2 Nb6) ({Predecessor:} 12... Bf4 13. Bxf4 Qxf4 14. Ne2 Qd6 15. Ng3 Nb6 16. Bd3 Bg4 17. Nf5 Qf4 18. Qd2 Qxd2 19. Nxd2 Nbd5 {0-1 (43) Rout,I-Bonham,K (1767) Burnie 2020}) 13. Bb3 b5 {[%emt 0:01:00] [#]} (13... Bf4 $16) 14. Nd5 $1 Nxd5 15. Bxd5 {[%emt 0:02:33][%mdl 64] Pin} Bb7 {[%emt 0:00:44] [#]} 16. Bxc6 $1 Bxc6 (16... h6 17. Bxb5) 17. d5 $36 {[%emt 0:00:06][%cal Bd4d5,Bd5c6][%mdl 2080] White is really pushing.} Bb4 (17... Nc5 $16) 18. Re4 $18 ({Don't do} 18. Rxc6 $6 Qb7 $18) 18... Qa5 (18... Bd6 {was called for.} 19. Rxc6 Qb8) 19. dxc6 Nc5 20. Rh4 Ne6 21. Qd3 h6 (21... g6 $142 22. Bf6 Rfd8 23. Bxd8 Rxd8) 22. a3 Bd6 23. Bxh6 {[%emt 0:01:21] Strongly threatening Bd2.} ({Not} 23. Qxd6 hxg5 24. Re4 Rfd8 $18) 23... Bxh2+ (23... Qd8 $142) 24. Nxh2 {[%emt 0:01:25][%cal Oh6g7] Intending Bxg7! and mate.} gxh6 25. Rxh6 Rfd8 26. Qh7+ Kf8 27. Rf6 Ra7 28. Rxe6 fxe6 29. Qxa7 {[%emt 0:00:05] Weighted Error Value: White=0.28 (precise) /Black=0.84} 1-0

[Event "44th Chess Olympiad Women 2022"]
[Site "Chennai"]
[Date "2022.08.09"]
[Round "11.16"]
[White "Ter-Avetisjana, Agnesa Stepania"]
[Black "Zaksaite, Salomeja"]
[Result "0-1"]
[ECO "B22"]
[WhiteElo "1962"]
[BlackElo "2212"]
[Annotator "RC"]
[PlyCount "104"]
[EventDate "2022.07.29"]
[EventType "team-tourn"]
[EventCountry "IND"]
[SourceTitle "playchess.com"]
[Source "ChessBase"]
[SourceQuality "1"]
[WhiteTeam "Latvia"]
[BlackTeam "Lithuania"]
[WhiteTeamCountry "LAT"]
[BlackTeamCountry "LTU"]
[TimeControl "40/5400+30:1800+30"]

1. e4 c5 2. Nf3 Nc6 3. c3 Nf6 4. e5 Nd5 5. d4 cxd4 6. cxd4 g6 7. Nc3 Nxc3 8. bxc3 d6 9. Bb5 Bg7 10. d5 Qa5 11. Rb1 a6 12. Ba4 b5 13. dxc6 Qxa4 14. Qxa4 bxa4 15. exd6 Bxc3+ 16. Bd2 Bxd2+ 17. Kxd2 exd6 18. Rhe1+ Kd8 19. Ng5 Ra7 20. Rb4 Re7 21. Rxa4 Rxe1 22. Kxe1 Kc7 23. Nxf7 Re8+ 24. Kd2 Kxc6 25. Rc4+ Kd5 26. Kc3 Ke6 27. Ng5+ Kd7 28. Nxh7 Re2 29. Rf4 Ke7 30. a4 a5 31. h4 Bd7 32. Ng5 d5 33. Kd4 Bxa4 34. Kxd5 Bb3+ 35. Kc5 a4 36. Kb4 Rb2 37. Ne4 Bc2+ 38. Kc3 a3 39. Nd2 Bd1 40. Re4+ Kf7 41. Re1 Rc2+ 42. Kb3 Rxd2+ 43. Kxa3 Bc2 44. Re5 Kf6 45. f4 Bf5 46. g4 Bxg4 47. Rg5 Bd1 48. Rg1 Rd4 49. Kb2 Bf3 50. Rf1 Rxf4 51. Kc3 Kf5 52. Kd2 Be4 0-1

[Event "44th Chess Olympiad Women 2022"]
[Site "Chennai"]
[Date "2022.08.09"]
[Round "11.17"]
[White "Sandu, Mihaela"]
[Black "Morales Flores, Monserrat"]
[Result "1-0"]
[ECO "B43"]
[WhiteElo "2297"]
[BlackElo "1946"]
[Annotator "RC"]
[PlyCount "107"]
[EventDate "2022.07.29"]
[EventType "team-tourn"]
[EventCountry "IND"]
[SourceTitle "playchess.com"]
[Source "ChessBase"]
[SourceQuality "1"]
[WhiteTeam "Romania"]
[BlackTeam "Chile"]
[WhiteTeamCountry "ROU"]
[BlackTeamCountry "CHI"]
[TimeControl "40/5400+30:1800+30"]

1. e4 c5 2. Nf3 e6 3. d4 cxd4 4. Nxd4 a6 5. Nc3 b5 6. Bd3 Bb7 7. O-O Nc6 8. Nxc6 Bxc6 9. a4 b4 10. Nb1 Qc7 11. Qe2 Bd6 12. g3 h5 13. Nd2 Nf6 14. Nc4 Ng4 15. Nxd6+ Qxd6 16. Bf4 e5 17. Bd2 a5 18. f3 Nf6 19. Bc4 O-O 20. Be3 Qe7 21. Rfd1 d6 22. b3 Rfd8 23. Bg5 Qa7+ 24. Qf2 Qxf2+ 25. Kxf2 Rd7 26. Rd2 Nh7 27. Be3 Nf6 28. Rad1 Rc8 29. Bb6 Bxa4 30. Bxa5 Bc6 31. Bxb4 Bxe4 32. Ke3 Bf5 33. Bxd6 e4 34. Be5 Rxd2 35. Rxd2 Nd7 36. Bd4 exf3 37. Kxf3 Bg4+ 38. Kg2 Nf8 39. Rf2 Rc7 40. Bb2 Bc8 41. Bd5 Ne6 42. Be5 Rd7 43. Bc6 Rd1 44. Bf3 Re1 45. Re2 Rb1 46. h4 g6 47. Rd2 Ba6 48. Rd6 Bf1+ 49. Kf2 Bh3 50. Rb6 f6 51. Rb8+ Kf7 52. Rb7+ Kf8 53. Bxf6 Bf5 54. c4 1-0

[Event "44th Chess Olympiad Women 2022"]
[Site "Chennai"]
[Date "2022.08.09"]
[Round "11.17"]
[White "Gomez Barrera, Javiera Belen"]
[Black "Bulmaga, Irina"]
[Result "1/2-1/2"]
[ECO "C54"]
[WhiteElo "2210"]
[BlackElo "2394"]
[Annotator "RC"]
[PlyCount "92"]
[EventDate "2022.07.29"]
[EventType "team-tourn"]
[EventCountry "IND"]
[SourceTitle "playchess.com"]
[Source "ChessBase"]
[SourceQuality "1"]
[WhiteTeam "Chile"]
[BlackTeam "Romania"]
[WhiteTeamCountry "CHI"]
[BlackTeamCountry "ROU"]
[TimeControl "40/5400+30:1800+30"]

1. e4 e5 2. Nf3 Nc6 3. Bc4 Bc5 4. c3 Nf6 5. d3 d6 6. Bg5 h6 7. Bh4 g5 8. Bg3 Qe7 9. O-O a6 10. a4 Ba7 11. b4 Bg4 12. Nbd2 Nh5 13. Kh1 Nd8 14. a5 c6 15. Qe1 Ne6 16. h3 Bxf3 17. Nxf3 Nhf4 18. Rd1 g4 19. hxg4 h5 20. g5 Nxg5 21. Nh4 O-O-O 22. d4 Qf6 23. Qe3 Kb8 24. Rd2 Nge6 25. Rfd1 exd4 26. cxd4 d5 27. exd5 cxd5 28. Bf1 Ka8 29. b5 axb5 30. Bxb5 Rd6 31. Bf1 Rg8 32. a6 bxa6 33. Qa3 Rb6 34. Bxa6 Nxd4 35. Rxd4 Rg4 36. Nf3 Rxa6 37. Qf8+ Bb8 38. Rxd5 Rxg3 39. Rd8 Qb2 40. Rxb8+ Qxb8 41. Qxb8+ Kxb8 42. fxg3 Ne2 43. Kh2 Rg6 44. Ne5 Rg5 45. Nxf7 Rxg3 46. Ne5 Rg5 1/2-1/2

[Event "44th Chess Olympiad Women 2022"]
[Site "Chennai"]
[Date "2022.08.09"]
[Round "11.17"]
[White "Lehaci, Miruna-Daria"]
[Black "Sanchez Tobar, Francisca Valenti"]
[Result "1/2-1/2"]
[ECO "E90"]
[WhiteElo "2193"]
[BlackElo "1839"]
[Annotator "RC"]
[PlyCount "95"]
[EventDate "2022.07.29"]
[EventType "team-tourn"]
[EventCountry "IND"]
[SourceTitle "playchess.com"]
[Source "ChessBase"]
[SourceQuality "1"]
[WhiteTeam "Romania"]
[BlackTeam "Chile"]
[WhiteTeamCountry "ROU"]
[BlackTeamCountry "CHI"]
[TimeControl "40/5400+30:1800+30"]

1. d4 Nf6 2. Nf3 g6 3. c4 Bg7 4. Nc3 d6 5. e4 O-O 6. h3 e5 7. d5 a5 8. Bd3 Na6 9. a3 Nd7 10. b4 b6 11. O-O f5 12. Rb1 axb4 13. axb4 f4 14. Ne1 Nf6 15. Be2 Bd7 16. Nd3 Qe7 17. Ra1 g5 18. Ba3 Qf7 19. c5 Qg6 20. f3 h5 21. cxb6 cxb6 22. Nf2 Rfc8 23. Nb5 Bf8 24. Qd3 g4 25. hxg4 hxg4 26. fxg4 Bxg4 27. Nxg4 Nxg4 28. Bxg4 Qxg4 29. Rac1 Rd8 30. Rc6 Rd7 31. Qf3 Qh4 32. Qh3 Qxh3 33. gxh3 Nc7 34. Nxc7 Rxa3 35. Ne6 Be7 36. Rxb6 Rxh3 37. Rb8+ Kf7 38. Rf8+ Bxf8 39. Ng5+ Kf6 40. Nxh3 Rg7+ 41. Kh2 Rb7 42. Rb1 Rb5 43. Nf2 Be7 44. Nd1 Bd8 45. Nc3 Rb7 46. b5 Bb6 47. Na4 Bd4 48. b6 1/2-1/2

[Event "44th Chess Olympiad Women 2022"]
[Site "Chennai"]
[Date "2022.08.09"]
[Round "11.17"]
[White "Toro Pradenas, Maria Jose"]
[Black "Cosma, Elena-Luminita"]
[Result "1/2-1/2"]
[ECO "C11"]
[WhiteElo "1945"]
[BlackElo "2248"]
[Annotator "RC"]
[PlyCount "88"]
[EventDate "2022.07.29"]
[EventType "team-tourn"]
[EventCountry "IND"]
[SourceTitle "playchess.com"]
[Source "ChessBase"]
[SourceQuality "1"]
[WhiteTeam "Chile"]
[BlackTeam "Romania"]
[WhiteTeamCountry "CHI"]
[BlackTeamCountry "ROU"]
[TimeControl "40/5400+30:1800+30"]

1. e4 e6 2. d4 d5 3. Nc3 Nf6 4. e5 Nfd7 5. f4 c5 6. Nf3 Nc6 7. Be3 a6 8. Qd2 b5 9. a3 Qa5 10. dxc5 Bxc5 11. Bxc5 Nxc5 12. Nd4 Qb6 13. Nxc6 Qxc6 14. b4 Ne4 15. Nxe4 dxe4 16. c4 bxc4 17. Rc1 O-O 18. Rxc4 Qa4 19. Rc3 Bb7 20. Be2 Rac8 21. Kf2 Rxc3 22. Qxc3 Rc8 23. Qe3 h6 24. Rc1 Rxc1 25. Qxc1 Qb3 26. Qe3 Qb2 27. Qb6 Bd5 28. Qe3 Bc4 29. Qxe4 Bxe2 30. Qxe2 Qxa3 31. Qc4 g6 32. Qc8+ Kg7 33. Qc5 Qd3 34. Qe7 h5 35. g3 Qd2+ 36. Kf3 Qxh2 37. Qf6+ Kg8 38. Qd8+ Kh7 39. Qe7 Qh1+ 40. Kf2 Kg8 41. Qd8+ Kh7 42. Qe7 Kg7 43. Qf6+ Kg8 44. Qd8+ Kg7 1/2-1/2

[Event "44th Chess Olympiad Women 2022"]
[Site "Chennai"]
[Date "2022.08.09"]
[Round "11.18"]
[White "Brunello, Marina"]
[Black "Corrales Jimenez, Zenia"]
[Result "1/2-1/2"]
[ECO "B76"]
[WhiteElo "2341"]
[BlackElo "2143"]
[Annotator "RC"]
[PlyCount "86"]
[EventDate "2022.07.29"]
[EventType "team-tourn"]
[EventCountry "IND"]
[SourceTitle "playchess.com"]
[Source "ChessBase"]
[SourceQuality "1"]
[WhiteTeam "Italy"]
[BlackTeam "Mexico"]
[WhiteTeamCountry "ITA"]
[BlackTeamCountry "MEX"]
[TimeControl "40/5400+30:1800+30"]

1. e4 c5 2. Nf3 d6 3. d4 cxd4 4. Nxd4 Nf6 5. Nc3 g6 6. Be3 Bg7 7. f3 O-O 8. Qd2 Nc6 9. O-O-O d5 10. exd5 Nxd5 11. Nxc6 bxc6 12. Bd4 Nxc3 13. Qxc3 Bh6+ 14. Be3 Bxe3+ 15. Qxe3 Qb6 16. Qc3 Ba6 17. h4 Bxf1 18. Rhxf1 Qb5 19. b3 Rad8 20. g4 Rd5 21. a4 Qb6 22. Rfe1 e6 23. h5 Rfd8 24. Rxd5 Rxd5 25. h6 Qd4 26. Kb2 Kf8 27. Qxd4 Rxd4 28. Re5 Ke7 29. Ra5 Rd7 30. Kc3 f6 31. f4 e5 32. fxe5 f5 33. gxf5 gxf5 34. Rc5 Ke6 35. Rxc6+ Kxe5 36. Rc8 f4 37. Rf8 Ke4 38. b4 f3 39. b5 Ke3 40. Re8+ Kf4 41. Rf8+ Ke3 42. Re8+ Kf4 43. Rf8+ Ke5 1/2-1/2